 Dungeon Crawl Stone Soup version 0.32-a0-893-gf85d74f360 (webtiles) character file.

Game seed: 6410611184352723295

339 promet the Magician (level 6, -3/54 HPs)
             Began as a Tengu Hedge Wizard on Mar 16, 2024.
             Was an Initiate of Sif Muna.
             Slain by a water moccasin (6 damage)
             ... on level 7 of the Dungeon on Apr 3, 2024.
             The game lasted 00:26:16 (4701 turns).

promet the Magician (Tengu Hedge Wizard)            Turns: 4701, Time: 00:26:17

Health: -3/54      AC: 10    Str: 11    XL:     6   Next: 55%
Magic:  8/13       EV: 11    Int: 16    God:    Sif Muna [......]
Gold:   21         SH:  0    Dex: 13    Spells: 7/13 levels left

rFire   . . .        c - +2 hammer (protect)
rCold   . . .        (no shield)
rNeg    . . .        g - +0 robe
rPois   .            f - +0 hat
rElec   .            v - +0 cloak
rCorr   .            (no gloves)
SInv    .            (boots unavailable)
Will    .....        (no amulet) Stlth
                     (no ring)
HPRegen 0.29/turn    (no ring)
MPRegen 0.13/turn

%: acrobat
@: berserking (expiring), under a protective aura, very quick
A: beak, talons 3, acrobatic
a: Renounce Religion


You were on level 7 of the Dungeon.
You worshipped Sif Muna.
Sif Muna was noncommittal.
You visited 2 branches of the dungeon, and saw 8 of its levels.

You collected 144 gold pieces.
You spent 123 gold pieces at shops.

Inventory:

Hand Weapons
 a - a +0 dagger
 b - a +0 sling
 c - a +2 hammer of protection (weapon)
 s - a +2 whip of draining
 t - a +0 long sword
Missiles
 h - 33 stones
 l - 11 poisoned darts (quivered)
Armour
 f - a +0 hat (worn)
 g - a +0 robe (worn)
 k - a +0 plate armour
 v - a +0 cloak (worn)
Jewellery
 q - a ring of flight
Wands
 d - a wand of flame (33)
 r - a wand of light (9)
Scrolls
 e - a scroll of noise
 p - a scroll of revelation
 u - a scroll of torment {unknown}
 w - 2 scrolls of silence
Potions
 j - a potion of enlightenment
 n - a potion of curing
 o - a potion of haste {unknown}


   Skills:
 * Level 2.6 Fighting
 + Level 0.1 Short Blades
 + Level 1.5 Maces & Flails
 + Level 2.1 Ranged Weapons
 + Level 0.1 Throwing
 + Level 3.0 Dodging
 + Level 2.9 Stealth
 + Level 4.4 Spellcasting
 + Level 1.9 Conjurations
 + Level 0.1 Hexes
 + Level 1.8 Summonings
 + Level 0.7 Translocations


You had 7 spell levels left.
You knew the following spells:

 Your Spells              Type           Power      Damage    Failure   Level
a - Magic Dart            Conj           36%        1d4       8%          1
b - Call Imp              Summ           18%        N/A       12%         2
c - Slow                  Hex            12%        N/A       16%         1
d - Blink                 Tloc           10%        N/A       19%         2

Your spell library contained the following spells:

 Spells                   Type           Power      Damage    Failure   Level
 Cigotuvi's Dreadful Rot  Necr/Alch/Air  6%         N/A       24%         2
 Mephitic Cloud           Conj/Alch/Air  5%         N/A       36%         3


Dungeon Overview and Level Annotations

Branches:
Dungeon (7/15)             Temple (1/1) D:4

Altars:
Ashenzari
Dithmenos
Fedhas
Hepliaklqana
Kikubaaqudgha
Ru
Sif Muna
Uskayaw
Vehumet
Wu Jian
Xom
Yredelemnul
Zin
The Shining One

Shops:
D:5 ?

Annotations:
D:2 1 runed translucent door, Crazy Yiuf
D:4 Natasha
D:6 Dowan, Duvessa


Innate Abilities, Weirdness & Mutations

You have a beak for a mouth.
You have claws for feet.
You can magically evade attacks while moving or waiting.


Message History

The ufetubus is severely wounded.
Casting: Magic Dart (safe; 8% risk of failure)
Confirm with . or Enter, or press ? or * to list all spells.
Aiming: Magic Dart (safe; 8% risk of failure)
Press: ? - help, Shift-Dir - straight line, f/p - ufetubus
Aim: an ufetubus (severely wounded, 100% to hit)
The magic dart hits the ufetubus.
You kill the ufetubus!
Sif Muna accepts your kill.
Casting: Magic Dart (safe; 8% risk of failure)
Confirm with . or Enter, or press ? or * to list all spells.
Aiming: Magic Dart (safe; 8% risk of failure)
Press: ? - help, Shift-Dir - straight line, f - water moccasin
Aim: a water moccasin (100% to hit)
The magic dart hits the water moccasin.
The water moccasin is lightly wounded.
The water moccasin closely misses you.
Okay, then.
Unknown command.
It was a potion of berserk rage.
A red film seems to cover your vision as you go berserk!
You feel yourself moving faster!
You feel mighty! The water moccasin barely misses you.
You miss the water moccasin.
The water moccasin is lightly wounded.
The water moccasin bites you.
* * * LOW HITPOINT WARNING * * *
The water moccasin bites you.
* * * LOW HITPOINT WARNING * * *
You hit the water moccasin.
Your weapon exudes an aura of protection.
Your kick misses the water moccasin.
The water moccasin is moderately wounded.
The water moccasin bites you!
* * * LOW HITPOINT WARNING * * *
You are too berserk!
You barely miss the water moccasin. You claw the water moccasin.
The water moccasin is heavily wounded.
The water moccasin bites you.
You die...

#○§# #§§# #☼☼#
§○# §§# #§#
#§#
.[##########@#
.....☼§<§○.S○#
...###########


You could see a water moccasin.

Vanquished Creatures
  A phantom (D:4)
  A bullfrog (D:6)
  An orc priest (D:5)
  2 sleepcaps (D:5)
  Natasha (D:4)
  3 adders
  An ufetubus (D:7)
  2 dart slugs
  An orc (D:6)
  5 ball pythons
  2 bats
  2 endoplasms
  A giant cockroach (D:2)
  4 goblins
  4 hobgoblins
  A quokka (D:4)
  3 frilled lizards
  2 kobolds
  3 rats
40 creatures vanquished.

Vanquished Creatures (collateral kills)
  2 adders
  A ribbon worm (D:2)
  An orc (D:5)
  A giant cockroach (D:3)
  A goblin (D:3)
  A kobold (D:6)
  A ball python (D:3)
8 creatures vanquished.

Grand Total: 48 creatures vanquished

Notes
Turn   | Place    | Note
-------+----------+-------------------------------------------
     0 | D:1      | promet the Tengu Hedge Wizard began the quest for the Orb.
     0 | D:1      | Reached XP level 1. HP: 10/10 MP: 5/5
   688 | D:1      | Found a faded altar of an unknown god.
   995 | D:2      | Reached XP level 2. HP: 11/15 MP: 2/7
  1214 | D:2      | Learned a level 2 spell: Call Imp
  1514 | D:2      | Reached XP level 3. HP: 19/19 MP: 1/9
  1514 | D:2      | Upgraded the game from 0.32-a0-732-ga344392067 to
                  | 0.32-a0-893-gf85d74f360
  1912 | D:2      | Learned a level 1 spell: Slow
  1915 | D:2      | Learned a level 2 spell: Blink
  2189 | D:2      | Gained mutation: You are weak. (Str -2) [potion of
                  | mutation]
  2189 | D:2      | Lost mutation: You are weak. (Str -2) [potion of mutation]
  2423 | D:2      | Found a runed translucent door.
  2424 | D:2      | Noticed Crazy Yiuf
  2609 | D:3      | Reached skill level 1 in Ranged Weapons
  3261 | D:4      | Found a staircase to the Ecumenical Temple.
  3286 | Temple   | Entered the Ecumenical Temple
  3336 | Temple   | Became a worshipper of Sif Muna the Loreminder
  3368 | D:4      | Reached XP level 4. HP: 24/24 MP: 6/10
  3731 | D:4      | Noticed a phantom
  3756 | D:4      | Killed a phantom
  3757 | D:4      | Reached skill level 1 in Fighting
  3757 | D:4      | Reached skill level 4 in Spellcasting
  3757 | D:4      | Reached XP level 5. HP: 25/29 MP: 3/12
  3952 | D:4      | Noticed Natasha
  3971 | D:4      | Killed Natasha
  3990 | D:4      | Found a shimmering altar of Xom.
  3990 | D:4      | Noticed Natasha
  4005 | D:5      | Entered Level 5 of the Dungeon
  4016 | D:6      | Noticed a black bear
  4223 | D:6      | Reached XP level 6. HP: 31/35 MP: 10/13
  4380 | D:6      | Noticed a water moccasin
  4380 | D:6      | Noticed a water moccasin
  4437 | D:5      | Found Zext's Magic Scroll Emporium.
  4614 | D:5      | Bought a scroll of silence for 123 gold pieces
  4640 | D:5      | Noticed an ice beast
  4656 | D:5      | Reached skill level 1 in Maces & Flails
  4687 | D:6      | Noticed Duvessa
  4687 | D:6      | Noticed Dowan
  4701 | D:7      | Slain by a water moccasin

Illustrated notes

Levels and vault maps discovered:
D:1:      nicolae_arrival_washed_ashore, layout_basic,
          ebering_ecumenical_altar_petrified, amcnicky_mini_rare_corridor_liquid
D:2:      layout_rooms, uniq_crazy_yiuf_cottage
D:3:      layout_basic, minivault_23
D:4:      layout_rooms, nicolae_overflow_hidden_temple, xom_redecorated,
          minmay_temple_entry_water_ring, grunt_ministairs_8, uniq_natasha,
          uniq_edmund
D:5:      layout_basic, serial_shops, shop
D:6:      layout_loops_ring, mainiacjoe_overflow_swirl,
          serial_library_hellmonk_long_bookcase,
          serial_library_hellmonk_angled_corner,
          eino_small_chamber_without_monster, guppyfry_shop_venom, uniq_duvessa
D:7:      minmay_slanted_spiral_squares, layout_basic,
          nicolae_elyvilon_peaceful_grove, serial_shops,
          nicolae_shop_window_shopping, nicolae_shop_real_fake_doors,
          nicolae_stop_n_shop_2, kennysheep_generic_room_6
Temple:   nicolae_temple_god_jail

Skill      XL: |  1  2  3  4  5  6 |
---------------+-------------------+-----
Ranged Weapons | 1 2 |  2.1
Fighting       | 1 2 |  2.6
Spellcasting   | 4 |  4.4
Dodging        | 3 |  3.0
Maces & Flails | 1 |  1.5
Short Blades   | |  0.1
Throwing       | |  0.1
Stealth        | |  2.9
Conjurations   | |  1.9
Hexes          | |  0.1
Summonings     | |  1.8
Translocations | |  0.7

Action                     |  1- 3 |  4- 6 || total
---------------------------+-------+-------++-------
  Melee: Dagger            |     9 |     1 ||    10
         Kick              |     3 |    13 ||    16
         Peck              |     2 |     7 ||     9
         Mace              |     5 |    34 ||    39
         Whip              |     4 |       ||     4
   Fire: Sling             |    28 |    12 ||    40
  Throw: Dart              |       |     2 ||     2
   Cast: Magic Dart        |    36 |    15 ||    51
         Call Imp          |     9 |    11 ||    20
         Slow              |       |     2 ||     2
         Blink             |       |     1 ||     1
  Evoke: Wand              |       |     3 ||     3
    Use: Scroll            |     5 |     7 ||    12
         Potion            |     4 |     4 ||     8
   Stab: Sleeping          |     3 |       ||     3
 Armour: Robe              |    27 |    43 ||    70
  Dodge: Dodged            |    34 |    62 ||    96

Table legend: (Time is in decaauts)
 A = Elapsed time spent in this place.
 B = Non-inter-level travel time spent in this place.
 C = Inter-level travel time spent in this place.
 D = Time resting spent in this place.
 E = Time spent auto-exploring this place.
 F = Levels seen in this place.
 G = Mean time per level.
                   A        B        C        D        E       F      G
               +--------+--------+--------+--------+--------+-----+--------+
         Total |   4720 |   4685 |     35 |   1888 |   1105 |   8 |  590.0 |
       Dungeon |   4646 |   4611 |     35 |   1888 |   1105 |   7 |  663.7 |
        Temple |     73 |     73 |      0 |      0 |      0 |   1 |   73.0 |
               +--------+--------+--------+--------+--------+-----+--------+

Top non-repeatable levels by time:
     D:2: 1553 daAuts
     D:1: 936 daAuts
     D:3: 776 daAuts
     D:4: 679 daAuts
     D:6: 400 daAuts
     D:5: 290 daAuts
  Temple: 73 daAuts
     D:7: 10 daAuts
